AoeStats
← FATBOY [IM NOT RACIST ANYMORE

Nomad

507629119Analyzed
4v4 RM · 14d ago on Sep 19, 2026· 43m 57s· 8 players
Game mode
Random Map
Map size
231×231
Population
200
Speed
Normal
Resources
Standard
Victory
Conquest
Starting age
Dark Age
Ending age
Imperial Age
RankedLock teamsTeams togetherTeam positionsShared explorationLock speedFull tech treeHidden civsTurbo modeCheats
Victory
Defeat
🇨🇳 Saracens · China
1380
+13
🇺🇸 Wu · United States
1359
+14
🇺🇸 Japanese · United States
1350
+15
🇧🇷 Dravidians · Brazil
1344
+15
🇲🇽 Italians · Mexico
1533
-23
🇰🇷 Saracens · South Korea
1270
-12
🇲🇽 Persians · Mexico
1241
-11
🇨🇴 Mongols · Colombia
1233
-11
FATBOY [IM NOT RACIST ANYMORE
5:22 Loom
12:36 Feudal Age
17:36 Castle Age
16:59 Double-Bit Axe
20:02 Bow Saw
20:02 Fletching
21:24 Town Watch
22:29 Horse Collar
29:22 Wheelbarrow
29:00 Bodkin Arrow
31:57 Hand Cart
37:09 Imperial Age
34:50 Gold Mining
34:51 Stone Mining
36:18 Red Cliffs Tactics
37:49 Stone Shaft Mining
37:25 Treadmill Crane
37:55 Masonry
38:12 Bracer
39:16 Chemistry
38:45 Ballistics
38:49 Conscription
38:10 Elite Fire Archer
39:32 Padded Archer Armor
naYummuYan
5:02 Loom
13:05 Feudal Age
20:31 Castle Age
22:16 Fletching
22:37 Elite Skirmisher
23:20 Padded Archer Armor
24:28 Bodkin Arrow
25:58 Leather Archer Armor
27:13 Horse Collar
28:59 Pikeman
31:18 Forging
32:02 Ballistics
32:27 Scale Mail Armor
34:56 Thumb Ring
35:28 Iron Casting
39:10 Imperial Age
38:10 Masonry
38:54 Gambesons
39:27 Chain Mail Armor
39:54 Bracer
41:22 Halberdier
42:32 Ring Archer Armor
41:47 Double-Bit Axe
Thor Odinson
3:20 Loom
4:31 Loom
14:45 Feudal Age
19:13 Castle Age
16:57 Fishing Lines
17:29 Double-Bit Axe
19:14 Scale Mail Armor
19:47 Gold Mining
20:34 Bow Saw
20:17 Gillnets
22:41 Gold Shaft Mining
22:32 Chain Mail Armor
23:32 Squires
25:39 Wheelbarrow
27:53 Forging
30:37 Hand Cart
34:06 Arson
35:29 Town Watch
37:47 Stone Mining
42:41 Iron Casting
185双开门
3:09 Loom
14:22 Feudal Age
15:19 Town Watch
16:18 Double-Bit Axe
18:48 Castle Age
17:03 Fishing Lines
17:53 Gold Mining
18:07 Horse Collar
19:20 Wheelbarrow
20:13 Bow Saw
20:22 Gillnets
21:08 Hand Cart
22:22 Heavy Plow
26:31 Stone Mining
27:17 Gold Shaft Mining
31:46 Imperial Age
31:53 Town Patrol
32:08 Scale Barding Armor
32:14 Forging
33:40 Two-Man Saw
33:35 Conscription
33:34 Siege Engineers
34:10 Chain Barding Armor
34:25 Iron Casting
34:00 Padded Archer Armor
33:50 Fletching
35:37 Plate Barding Armor
35:37 Iron Casting
35:14 Bloodlines
35:53 Husbandry
35:15 Light Cavalry
36:32 Fletching
36:57 Leather Archer Armor
37:08 Ballistics
37:35 Elite Skirmisher
38:21 Thumb Ring
38:22 Crossbowman
38:39 Hussar
39:19 Bodkin Arrow
39:07 Arbalester
41:02 Bracer
42:25 Ring Archer Armor
42:56 Blast Furnace
43:17 Chemistry
42:13 Murder Holes
41:58 Treadmill Crane
[SotC] Memowolf
7:36 Loom
13:18 Feudal Age
13:48 Double-Bit Axe
15:26 Gold Mining
22:42 Castle Age
21:26 Scale Barding Armor
21:32 Forging
21:06 Horse Collar
23:12 Bloodlines
23:49 Bow Saw
24:56 Chain Barding Armor
25:03 Heavy Plow
29:01 Iron Casting
30:22 Wheelbarrow
30:20 Fletching
32:06 Gold Shaft Mining
33:36 Hand Cart
36:16 Imperial Age
36:19 Cavalier
40:39 Blast Furnace
42:51 Savar
[SotC ]Risck
5:02 Loom
12:54 Feudal Age
17:01 Castle Age
16:08 Double-Bit Axe
16:47 Horse Collar
18:32 Bow Saw
18:33 Fletching
19:36 Bodkin Arrow
20:50 Padded Archer Armor
22:57 Gold Mining
24:04 Ballistics
29:36 Wheelbarrow
28:49 Town Watch
37:31 Imperial Age
37:27 Murder Holes
39:27 Chemistry
39:50 Bracer
Noobie
4:21 Loom
16:00 Feudal Age
16:30 Double-Bit Axe
16:38 Gold Mining
18:40 Stone Mining
22:16 Castle Age
21:27 Wheelbarrow
23:39 Horse Collar
25:34 Heavy Plow
31:04 Bloodlines
30:55 Husbandry
38:49 Imperial Age
38:09 Forging
40:34 Conscription
40:56 Iron Casting
40:27 Scale Barding Armor
43:28 Chain Barding Armor
44:09 Blast Furnace
[SotC] Maxeld
5:46 Loom
18:17 Feudal Age
21:10 Wheelbarrow
22:38 Castle Age
20:41 Horse Collar
21:49 Fletching
22:43 Gold Mining
23:42 Bodkin Arrow
23:50 Padded Archer Armor
23:36 Double-Bit Axe
23:58 Town Watch
25:04 Bow Saw
24:54 Heavy Plow
33:54 Ballistics
Connection lost

Rejoining the realm…

Still unreachable

The connection could not be restored.

Session expired

The server has moved on; the page needs a fresh start.